 Dungeon Crawl Stone Soup version 0.30-a0-365-ge7f957f1db (webtiles) character file.

Game seed: 13816724172346186294

9 we3bus the Covered (level 2, 0/19 HPs)
             Began as a Gargoyle Fighter on Nov 16, 2022.
             Slain by a kobold
             ... wielding a +1 dagger of electrocution
              (2 damage)
             ... on level 1 of the Dungeon.
             The game lasted 00:02:34 (211 turns).

we3bus the Covered (Gargoyle Fighter)                Turns: 211, Time: 00:02:34

Health: 0/19       AC: 10    Str: 19    XL:     2   Next: 16%
Magic:  2/2        EV:  9    Int:  8    God:
Gold:   12         SH:  4    Dex:  9    Spells: 1/1 levels left

rFire   . . .      SeeInvis .    a - +0 flail
rCold   . . .      Faith    .    c - +0 buckler
rNeg    + . .      Spirit   .    b - +0 scale mail
rPois   ∞          Reflect  .    (no helmet)
rElec   +          Harm     .    e - +0 cloak
rCorr   .          Rampage  .    (no gloves)
Will    .....                    (no boots)
Stlth   ..........               (no amulet)
HPRegen 0.23/turn                (no ring)
MPRegen 0.08/turn                (no ring)

@: no status effects
A: sickness immunity, AC +2, negative energy resistance 1, electricity
resistance, torment resistance 1, petrification resistance
a: no special abilities


You were on level 1 of the Dungeon.
You visited 1 branch of the dungeon, and saw 1 of its levels.

You collected 12 gold pieces.

Inventory:

Hand Weapons
 a - a +0 flail (weapon)
Armour
 b - a +0 scale mail (worn)
 c - a +0 buckler (worn)
 e - a +0 cloak (worn)
Potions
 d - a potion of might
 f - a potion of ambrosia {unknown}


   Skills:
 + Level 3.4 Fighting
 + Level 2.1 Maces & Flails
 + Level 3.5 Armour
 + Level 3.4 Shields


You had one spell level left.
You didn't know any spells.
Your spell library was empty.

Dungeon Overview and Level Annotations

Branches:
Dungeon (1/15)

Altars:


Innate Abilities, Weirdness & Mutations

You are immune to sickness and miasma.
Your stone body is resilient. (AC +2)
You are immune to poison.
You resist negative energy. (rN+)
You are resistant to electric shocks. (rElec)
You are resistant to unholy torment.
You are immune to petrification.


Message History

The jackal bites you but does no damage.
You hit the jackal.
The jackal is almost dead.
The jackal closely misses you. The jackal bites you.
The jackal bites you but does no damage. x2
The jackal barely misses you.
You hit the jackal.
You kill the jackal!
The jackal bites you but does no damage. x4
You hit the jackal.
The jackal is moderately wounded.
The jackal bites you. x2; The kobold barely misses you.
The jackal closely misses you.
The jackal bites you but does no damage.
The kobold hits you but does no damage.
You closely miss the jackal.
The jackal is moderately wounded.
The jackal bites you but does no damage. x2
The kobold closely misses you.
The jackal bites you but does no damage.
You block the jackal's attack.
You barely miss the jackal.
The jackal is moderately wounded.
The jackal bites you.
* * * LOW HITPOINT WARNING * * *
You block the jackal's attack. You block the kobold's attack.
The jackal barely misses you.
You hit the jackal.
The jackal is almost dead.
The jackal bites you but does no damage.
You block the kobold's attack. The jackal bites you.
* * * LOW HITPOINT WARNING * * *
You block the jackal's attack. The kobold hits you but does no damage.
The jackal bites you.
* * * LOW HITPOINT WARNING * * *
You barely miss the jackal.
The jackal is almost dead.
The jackal bites you but does no damage. x3
The kobold hits you with a +1 dagger of electrocution.
You die...

####.#,# *,* *,,,,,**,,,
**.#.##*,* *,,*****,,,
###.....##.* ***,,* ****
........##.* *,,,,*
..#......#.# **,**,*
..#......#.# ######,.#*,*****
.........#.# #....#.#**,,,,,*
#...##...#.# ##.hh...# *****,*
#.#......#.###..@K.#** *,*
#.###....#.....##### *,* #.#
*#....†.#### *,*
#.#######..######***********,*
..................,,,,,,,,,,,*
#.################************
...†..# #..##.# ...##.#


You could see 2 jackals and a kobold.

Vanquished Creatures
  An endoplasm (D:1)
  A hobgoblin (D:1)
  2 jackals (D:1)
  3 bats (D:1)
  2 rats (D:1)
9 creatures vanquished.

Notes
Turn   | Place    | Note
-------+----------+-------------------------------------------
     0 | D:1      | we3bus the Gargoyle Fighter began the quest for the Orb.
     0 | D:1      | Reached XP level 1. HP: 14/14 MP: 1/1
   195 | D:1      | Reached XP level 2. HP: 15/19 MP: 2/2
   211 | D:1      | Slain by a kobold

Illustrated notes

Levels and vault maps discovered:
D:1:      dpeg_arrival_fog, layout_basic, shapermc_ecumenical_altar_rom_forum

Action                   || total
-------------------------++-------
Melee: Flail             ||    37
  Use: Scroll            ||     2
Armor: Scale mail        ||    46
Dodge: Dodged            ||    27
Block: Buckler           ||    17

Table legend: (Time is in decaauts)
 A = Elapsed time spent in this place.
 B = Non-inter-level travel time spent in this place.
 C = Inter-level travel time spent in this place.
 D = Time resting spent in this place.
 E = Time spent auto-exploring this place.
 F = Levels seen in this place.
 G = Mean time per level.
                   A        B        C        D        E       F      G
               +--------+--------+--------+--------+--------+-----+--------+
         Total |    223 |    191 |     32 |      0 |      0 |   1 |  223.0 |
       Dungeon |    223 |    191 |     32 |      0 |      0 |   1 |  223.0 |
               +--------+--------+--------+--------+--------+-----+--------+

Top non-repeatable levels by time:
     D:1: 223 daAuts
